 Dungeon Crawl Stone Soup version 0.28-a0-1152-g9c71ebef14 (webtiles) character file.

Game seed: 3881257728174815717

75 coolguy420 the Conjurer (level 4, -2/24 HPs)
             Began as a Deep Elf Conjurer on Dec 14, 2021.
             Slain by a polar bear (6 damage)
             ... created by the rage of Trog
             ... on level 3 of the Dungeon.
             The game lasted 00:03:33 (2112 turns).

coolguy420 the Conjurer (Deep Elf Conjurer)         Turns: 2112, Time: 00:03:33

Health: -2/24      AC:  2    Str:  4    XL:     4   Next: 11%
Magic:  9/10       EV: 13    Int: 25    God:
Gold:   155        SH:  0    Dex: 13    Spells: 8/9 levels left

rFire   . . .      SeeInvis .   (no weapon)
rCold   . . .      Faith    .   (no shield)
rNeg    . . .      Spirit   .   a - +0 robe
rPois   .          Reflect  .   (no helmet)
rElec   .          Harm     .   (no cloak)
rCorr   .          Rampage  .   (no gloves)
Will    .....                   (no boots)
Stlth   +++.......              (no amulet)
HPRegen 0.08/turn               (no ring)
MPRegen 0.12/turn               (no ring)

@: slowed, very slow
A: no striking features
a: no special abilities


You were on level 3 of the Dungeon.
You visited 1 branch of the dungeon, and saw 3 of its levels.

You collected 155 gold pieces.

Inventory:

Armour
 a - a +0 robe (worn)
Jewellery
 i - an amulet of reflection
Scrolls
 b - a scroll of teleportation {unknown}
 d - a scroll of identify {unknown}
 g - a scroll of immolation {unknown}
 j - a scroll of magic mapping {unknown}
Potions
 c - a potion of flight {unknown}
 e - a potion of mutation {unknown}
 f - a potion of resistance {unknown}
 h - a potion of brilliance {unknown}


   Skills:
 + Level 4.0 Dodging
 + Level 4.2 Stealth
 - Level 3.0 Spellcasting
 - Level 4.5 Conjurations


You had 8 spell levels left.
You knew the following spells:

 Your Spells              Type           Power      Damage    Failure   Level
a - Magic Dart            Conj           100%       1d8       1%          1

Your spell library contained the following spells:

 Spells                   Type           Power      Damage    Failure   Level
 Searing Ray              Conj           52%        2d6       2%          2
 Dazzling Flash           Conj/Hex       30%        N/A       12%         3
 Fulminant Prism          Conj/Hex       7%         3d7       36%         4
 Iskenderun's Mystic Bla  Conj/Tloc      15%        2d5       36%         4


Dungeon Overview and Level Annotations

Branches:
Dungeon (3/15)

Altars:
Trog
Zin


Message History

An adder is nearby!
The magic dart hits the adder.
The adder is severely wounded.
The adder misses you.
The magic dart hits the adder.
You kill the adder!
Your Dodging skill increases to level 4!
You have reached level 4!
You feel clever.
Found a stone staircase leading up.
There is a stone staircase leading up here.
Found a stone staircase leading down.
There is a stone staircase leading down here.
A bat comes into view.
The magic dart hits the bat!
You kill the bat!
j - a scroll labelled CIFFUHISUT An orc comes into view.
It is wielding a +0 short sword.
The magic dart hits the orc.
The orc is heavily wounded.
The orc shouts!
The magic dart hits the orc.
You kill the orc!
You can't see any susceptible monsters within range! (Use Z to cast anyway.)
Found a chain mail.
Things that are here:
a +0 short sword; a +0 leather armour; an orc corpse Trog sends monsters to punish you.
The divine experience drains your vigour!
You feel yourself slow down. 3 polar bears and 2 black bears come into view.
Casting: Magic Dart (safe; 1% risk of failure)
Confirm with . or Enter, or press ? or * to list all spells.
You don't know that spell.
The magic dart hits the polar bear but does no damage.
The polar bear bites you!!
Ouch! That really hurt!
* * * LOW HITPOINT WARNING * * *
The polar bear claws you.
You die...

##.# #.##.# ##.#.# ##.#
#.##.###.#..##### ##.#
#.##....##......# ##.#
#.##..##.#..###.###.# ##.#
#.##..# #.#.........#
##.###.##..###.####..#####
##.##...#............#
...............####..#####
...##...##.#####@h.h.......
...........# #.##hh######
######.###.#####.##.h#
#........[.).#..#
#####...........#
#############


You could see 2 polar bears and 2 black bears.

Vanquished Creatures
  3 adders
  A worm (D:2)
  4 orcs (D:3)
  4 ball pythons
  3 endoplasms
  3 giant cockroaches (D:1)
  3 goblins
  2 hobgoblins
  2 jackals (D:2)
  5 kobolds
  2 quokkas (D:1)
  2 bats
  3 frilled lizards
  3 rats
40 creatures vanquished.

Notes
Turn   | Place    | Note
-------+----------+-------------------------------------------
     0 | D:1      | coolguy420 the Deep Elf Conjurer began the quest for the
                  | Orb.
     0 | D:1      | Reached XP level 1. HP: 10/10 MP: 6/6
   126 | D:1      | Found a faded altar of an unknown god.
   136 | D:1      | Prayed at the altar of an unknown god.
   136 | D:1      | Became a worshipper of Trog the Wrathful
   136 | D:1      | Reached * piety under Trog
   137 | D:1      | Fell from the grace of Trog
   270 | D:1      | Reached XP level 2. HP: 15/15 MP: 6/8
  1096 | D:2      | Reached XP level 3. HP: 19/19 MP: 5/9
  1887 | D:3      | Found a glowing silver altar of Zin.
  1964 | D:3      | Reached XP level 4. HP: 24/24 MP: 3/10
  2110 | D:3      | Noticed a polar bear
  2110 | D:3      | Noticed a polar bear
  2110 | D:3      | Noticed a black bear
  2110 | D:3      | Noticed a black bear
  2110 | D:3      | Noticed a polar bear
  2112 | D:3      | Slain by a polar bear

Illustrated notes

Levels and vault maps discovered:
D:1:      amcnicky_arrival_blooded_trapdoor, layout_basic,
          hellmonk_ecumenical_altar_crossroads, minmay_tetromino_s2
D:2:      layout_loops_cross, serial_bayou_crossing
D:3:      layout_loops_ring, mainiacjoe_overflow_24_doors,
          uniq_crazy_yiuf_cottage, uniq_natasha

Skill      XL: |  1  2  3 |
---------------+----------+-----
Dodging        | 3 4 |  4.0
Stealth        | 3 4 |  4.2
Spellcasting   | |  3.0
Conjurations   | |  4.5

Action                   |  1- 3 |  4- 6 || total
-------------------------+-------+-------++-------
 Cast: Magic Dart        |    80 |     4 ||    84
Invok: Renounce Religion |     1 |       ||     1
Dodge: Dodged            |     4 |       ||     4

Table legend: (Time is in decaauts)
 A = Elapsed time spent in this place.
 B = Non-inter-level travel time spent in this place.
 C = Inter-level travel time spent in this place.
 D = Time resting spent in this place.
 E = Time spent auto-exploring this place.
 F = Levels seen in this place.
 G = Mean time per level.
                   A        B        C        D        E       F      G
               +--------+--------+--------+--------+--------+-----+--------+
         Total |   2166 |   2126 |     40 |      0 |   1943 |   3 |  722.0 |
       Dungeon |   2166 |   2126 |     40 |      0 |   1943 |   3 |  722.0 |
               +--------+--------+--------+--------+--------+-----+--------+

Top non-repeatable levels by time:
     D:1: 903 daAuts
     D:2: 852 daAuts
     D:3: 410 daAuts
